 Dungeon Crawl Stone Soup version 0.30-a0-377-g5cb311bc9f (webtiles) character file.

Game seed: 7797519582501867496

934 qeuew the Trooper (level 8, -6/64 HPs)
             Began as a Formicid Fighter on Nov 27, 2022.
             Was a Follower of Okawaru.
             Mangled by a two-headed ogre
             ... wielding a +0 dire flail
              (21 damage)
             ... on level 5 of the Dungeon.
             The game lasted 00:10:57 (4863 turns).

qeuew the Trooper (Formicid Fighter)                Turns: 4863, Time: 00:10:57

Health: -6/64      AC:  9    Str: 23    XL:     8   Next: 33%
Magic:  8/10       EV: 13    Int:  8    God:    Okawaru [*.....]
Gold:   246        SH:  7    Dex: 13    Spells: 7/7 levels left

rFire   . . .      SeeInvis +    a - +0 war axe (vorpal)
rCold   + + .      Faith    .    c - +0 buckler
rNeg    + . .      Spirit   .    r - +1 scale mail {rC+}
rPois   .          Reflect  .    (helmet unavailable)
rElec   .          Harm     .    (no cloak)
rCorr   .          Rampage  .    (no gloves)
Will    .....                    (no boots)
Stlth   +.........               (no amulet)
HPRegen 0.30/turn                k - ring of positive energy
MPRegen 0.12/turn                l - ring of protection from cold

@: heroic
A: permanent stasis, dig shafts and tunnels, antennae 3, four strong arms
a: Dig, Shaft Self, Renounce Religion, Heroism


You were on level 5 of the Dungeon.
You worshipped Okawaru.
Okawaru was aware of your devotion.
You visited 2 branches of the dungeon, and saw 6 of its levels.

You collected 246 gold pieces.

Inventory:

Hand Weapons
 a - a +0 vorpal war axe (weapon)
 b - a +0 war axe
Missiles
 i - a throwing net
Armour
 c - a +0 buckler (worn)
 r - a +1 scale mail of cold resistance (worn)
Jewellery
 k - a ring of positive energy (left hand)
 l - a ring of protection from cold (right hand)
Wands
 g - a wand of flame (18)
 n - a wand of paralysis (8)
Scrolls
 j - 2 scrolls of identify
 m - 2 scrolls of fear
 p - a scroll of magic mapping {unknown}
 q - a scroll of enchant armour
Potions
 d - 4 potions of might
 e - 4 potions of curing
 f - a potion of heal wounds
 h - a potion of resistance
 o - a potion of magic {unknown}


   Skills:
 + Level 6.0(11.0) Fighting
 + Level 3.8(8.8) Axes
 + Level 4.9(9.9) Armour
 + Level 3.0(8.0) Dodging
 + Level 6.0(11.0) Shields
 * Level 3.4 Invocations
 + Level 1.5 Evocations


You had 7 spell levels left.
You didn't know any spells.
Your spell library contained the following spells:

 Spells                   Type           Power      Damage    Failure   Level
 Magic Dart               Conj           0%         1d3       71%         1
 Searing Ray              Conj           0%         2d4       85%         2
 Fulminant Prism          Conj/Hex       0%         3d5       100%        4
 Summon Small Mammal      Summ           Unusable   N/A       N/A         1

Dungeon Overview and Level Annotations

Branches:
Dungeon (5/15)             Temple (1/1) D:4

Altars:
Cheibriados
Gozag
Hepliaklqana
Kikubaaqudgha
Makhleb
Nemelex Xobeh
Okawaru
Qazlal
Sif Muna
Uskayaw
Vehumet
Xom
Yredelemnul

Shops:
D:3 =

Annotations:
D:5 3 runed translucent doors, freelancePsychic's ghost, novice NaAr


Innate Abilities, Weirdness & Mutations

You cannot be hasted, slowed, berserked, paralysed or teleported.
You can dig through walls and to a lower floor.
You have a pair of large antennae on your head. (SInv)
Your four strong arms can wield two-handed weapons with a shield.


Message History

b - a +0 war axe A two-headed ogre comes into view.
It is wielding a +0 dire flail and a +0 giant spiked club.
No target in view!
No target in view!
No target in view!
No target in view!
No target in view!
No target in view!
No target in view!
No target in view!
No target in view!
No target in view!
No target in view!
You gain the combat prowess of a mighty hero.
You slice the two-headed ogre!!
The two-headed ogre is heavily wounded.
The two-headed ogre misses you.
The two-headed ogre hits you with a +0 giant spiked club!
You slash the two-headed ogre!
The two-headed ogre is almost dead.
The two-headed ogre hits you with a +0 dire flail!
The two-headed ogre hits you with a +0 giant spiked club!
You are too injured to fight recklessly!
You are too injured to fight recklessly!
You are too injured to fight recklessly!
You are too injured to fight recklessly!
You are too injured to fight recklessly!
You are too injured to fight recklessly!
You are too injured to fight recklessly!
You are too injured to fight recklessly!
You are too injured to fight recklessly!
You are too injured to fight recklessly!
You hit the two-headed ogre.
The two-headed ogre is almost dead.
You hit the two-headed ogre.
The two-headed ogre is almost dead.
The two-headed ogre hits you with a +0 dire flail!
* * * LOW HITPOINT WARNING * * *
The two-headed ogre hits you with a +0 giant spiked club!!
You die...

##.###.#...## ###.
#.##+## .# #.##.#
.# #.##.# ###
#.######.##.##...
#............#.#
#########......###.
#..........
#.#@##.###.
#...O......
###.##.###. #.# ..
#.. ... ### ##


You could see a two-headed ogre.

Vanquished Creatures
  An ice beast (D:5)
  2 ogres
  A phantom (D:5)
  A bullfrog (D:4)
  5 hounds
  An iguana (D:4)
  8 orc wizards
  6 adders
  A white imp (D:5)
  An ufetubus (D:5)
  3 worms
  3 dart slugs
  7 orcs
  8 ball pythons
  6 bats
  5 endoplasms
  4 giant cockroaches
  8 goblins
  9 hobgoblins
  8 jackals (D:3)
  5 quokkas
  2 frilled lizards
  10 kobolds
  7 rats
112 creatures vanquished.

Vanquished Creatures (others)
  3 plants (D:5)
3 creatures vanquished.

Grand Total: 115 creatures vanquished

Notes
Turn   | Place    | Note
-------+----------+-------------------------------------------
     0 | D:1      | qeuew the Formicid Fighter began the quest for the Orb.
     0 | D:1      | Reached XP level 1. HP: 18/18 MP: 1/1
   113 | D:1      | Reached XP level 2. HP: 20/24 MP: 2/2
   378 | D:1      | Reached XP level 3. HP: 30/30 MP: 3/3
   857 | D:2      | Reached skill level 1 in Dodging
  1206 | D:2      | Reached XP level 4. HP: 28/37 MP: 4/4
  1756 | D:3      | Found Fijegas's Jewellery Shoppe.
  2038 | D:3      | Found a snail-covered altar of Cheibriados.
  2234 | D:3      | Found a radiant altar of Vehumet.
  2251 | D:3      | Reached XP level 5. HP: 37/43 MP: 5/5
  2276 | D:3      | Found an ancient bone altar of Kikubaaqudgha.
  2347 | D:3      | Found a shimmering blue altar of Sif Muna.
  2366 | D:3      | Reached XP level 6. HP: 18/50 MP: 6/6
  2367 | D:3      | Reached skill level 5 in Fighting
  2367 | D:3      | Reached skill level 5 in Shields
  2379 | D:3      | Got Sif Muna's Parchment of Mustering
  3046 | D:4      | Found a staircase to the Ecumenical Temple.
  3067 | D:4      | Reached XP level 7. HP: 40/56 MP: 7/7
  3076 | Temple   | Entered the Ecumenical Temple
  3261 | Temple   | Became a worshipper of Warmaster Okawaru
  3579 | D:4      | Reached skill level 1 in Invocations
  3836 | D:4      | Found a burning altar of Makhleb.
  3969 | D:5      | Entered Level 5 of the Dungeon
  4140 | D:5      | Found a runed translucent gate.
  4140 | D:5      | Found a runed translucent gate.
  4140 | D:5      | Found a runed translucent gate.
  4140 | D:5      | Noticed freelancePsychic's ghost (novice NaAr)
  4459 | D:5      | Reached * piety under Okawaru
  4460 | D:5      | Reached skill level 1 in Evocations
  4460 | D:5      | Reached XP level 8. HP: 49/64 MP: 9/9
  4855 | D:5      | Noticed a two-headed ogre
  4863 | D:5      | Mangled by a two-headed ogre

Illustrated notes

Levels and vault maps discovered:
D:1:      ncdulo_wetmaze, layout_basic, minmay_misc_feat_pillars,
          minmay_misc_feat_doors, ebering_dispersal_statue_hall,
          interstate_on_off
D:2:      layout_basic
D:3:      layout_basic, palyth_temple_overflow_mages, slow_altar_1,
          serial_shops, shop, chequers_decorated_corner, kennysheep_nub,
          hangedman_decor_clover_reticule, chequers_serial_rivers_large_b
D:4:      layout_loops_ring, makhleb_heckhound_becter, minmay_temple_entry_waves
D:5:      layout_loops_corners, gammafunk_ghost_necromancy, abandoned_shop,
          guppyfry_early_lair_pool
Temple:   nicolae_temple_two_arcs

Skill      XL: |  1  2  3  4  5  6  7  8 |
---------------+-------------------------+-----
Dodging        | 1 2 3 |  3.0
Fighting       | 4 5 6 |  6.0
Armour         | 4 |  4.9
Axes           | 3 |  3.8
Shields        | 5 6 |  6.0
Invocations    | 2 3 |  3.4
Evocations     | 1 |  1.5

Action                   |  1- 3 |  4- 6 |  7- 9 || total
-------------------------+-------+-------+-------++-------
Melee: War axe           |    97 |   131 |   113 ||   341
Invok: Heroism           |       |       |     1 ||     1
  Use: Scroll            |     4 |     6 |       ||    10
       Potion            |     2 |     1 |       ||     3
Armor: Scale mail        |    57 |    80 |    61 ||   198
Dodge: Dodged            |    42 |    74 |    58 ||   174
Block: Buckler           |    23 |    36 |    40 ||    99

Table legend: (Time is in decaauts)
 A = Elapsed time spent in this place.
 B = Non-inter-level travel time spent in this place.
 C = Inter-level travel time spent in this place.
 D = Time resting spent in this place.
 E = Time spent auto-exploring this place.
 F = Levels seen in this place.
 G = Mean time per level.
                   A        B        C        D        E       F      G
               +--------+--------+--------+--------+--------+-----+--------+
         Total |   5050 |   4812 |    238 |     28 |   3851 |   6 |  841.7 |
       Dungeon |   4855 |   4657 |    198 |     28 |   3701 |   5 |  971.0 |
        Temple |    194 |    155 |     39 |      0 |    150 |   1 |  194.0 |
               +--------+--------+--------+--------+--------+-----+--------+

Top non-repeatable levels by time:
     D:3: 1295 daAuts
     D:2: 958 daAuts
     D:5: 921 daAuts
     D:1: 851 daAuts
     D:4: 828 daAuts
  Temple: 194 daAuts
